[Event "Eurasia Open Cup 2019"]
[Site "Ekaterinburg"]
[Date "2019.07.31"]
[Round "1.25"]
[White "Kozionov, Kirill"]
[Black "Mamontova, Anastasia"]
[Result "1-0"]
[ECO "E11"]
[WhiteElo "2454"]
[BlackElo "1989"]
[Annotator "ChessBase"]
[PlyCount "75"]
[EventDate "2019.07.31"]
[EventType "swiss"]
[EventCountry "RUS"]
[SourceTitle "playchess.com"]
[Source "ChessBase"]
[SourceQuality "1"]
[TimeControl "5400+30"]

1. d4 Nf6 2. c4 e6 3. g3 Bb4+ 4. Bd2 Qe7 5. Nf3 Nc6 6. Nc3 Bxc3 7. Bxc3 Ne4 8. Rc1 O-O 9. Bg2 a5 10. O-O d6 11. a3 Nxc3 12. Rxc3 e5 13. d5 Nb8 14. b4 axb4 15. axb4 e4 16. Nd4 Na6 17. Qb1 f5 18. Rfc1 Bd7 19. e3 c5 20. dxc6 bxc6 21. c5 dxc5 22. bxc5 Rfb8 23. Rb3 Kf8 24. Rb6 Qe8 25. Bf1 Nc7 26. Bc4 Rc8 27. Qb4 f4 28. exf4 Bh3 29. Nxc6 e3 30. Ne5 exf2+ 31. Kxf2 Ra4 32. Qd2 Rd8 33. Rd6 Rda8 34. Nd7+ Bxd7 35. Rxd7 Ra2 36. Bxa2 Rxa2 37. Qxa2 Qxd7 38. Kg1 1-0

[Event "Eurasia Open Cup 2019"]
[Site "Ekaterinburg"]
[Date "2019.07.31"]
[Round "1.26"]
[White "Gutkovich, Polina"]
[Black "Nesterov, Arseniy"]
[Result "0-1"]
[ECO "D48"]
[WhiteElo "1983"]
[BlackElo "2451"]
[Annotator "ChessBase"]
[PlyCount "70"]
[EventDate "2019.07.31"]
[EventType "swiss"]
[EventCountry "RUS"]
[SourceTitle "playchess.com"]
[Source "ChessBase"]
[SourceQuality "1"]
[TimeControl "5400+30"]

1. d4 d5 2. c4 c6 3. Nc3 Nf6 4. e3 e6 5. Nf3 Nbd7 6. Bd3 dxc4 7. Bxc4 b5 8. Bd3 Bb7 9. O-O a6 10. e4 c5 11. d5 c4 12. Bc2 Bc5 13. dxe6 fxe6 14. Ng5 Qb6 15. e5 Nxe5 16. Nxh7 Nd3 17. Bxd3 O-O-O 18. Ng5 Rxd3 19. Qe2 Bd6 20. h3 Kb8 21. Rd1 b4 22. Rxd3 cxd3 23. Qxd3 Rd8 24. Qe2 bxc3 25. bxc3 Qc6 26. f3 Qb6+ 27. Be3 Bc5 28. Re1 Rd5 29. f4 e5 30. Bxc5 Qxc5+ 31. Kh1 exf4 32. Ne6 Qxc3 33. Nxf4 Rd2 34. Qe5+ Qxe5 35. Rxe5 Rf2 0-1

[Event "Eurasia Open Cup 2019"]
[Site "Ekaterinburg"]
[Date "2019.07.31"]
[Round "1.27"]
[White "Kabanov, Nikolai"]
[Black "Trukhin, Dmitry"]
[Result "1-0"]
[ECO "B08"]
[WhiteElo "2450"]
[BlackElo "1976"]
[Annotator "ChessBase"]
[PlyCount "47"]
[EventDate "2019.07.31"]
[EventType "swiss"]
[EventCountry "RUS"]
[SourceTitle "playchess.com"]
[Source "ChessBase"]
[SourceQuality "1"]
[TimeControl "5400+30"]

1. d4 Nf6 2. Nf3 g6 3. Nc3 Bg7 4. e4 d6 5. Be3 O-O 6. Qd2 Re8 7. Bh6 Bh8 8. O-O-O c6 9. h3 b5 10. e5 dxe5 11. dxe5 Qxd2+ 12. Nxd2 Nfd7 13. f4 Nc5 14. g4 f5 15. Bg2 a6 16. b4 Nb7 17. gxf5 Bxf5 18. Nb3 Rc8 19. Nd4 Bd7 20. Nd5 Rd8 21. Nb6 Ra7 22. Nxd7 Rxd7 23. Nxc6 Nxc6 24. Bxc6 1-0

[Event "Eurasia Open Cup 2019"]
[Site "Ekaterinburg"]
[Date "2019.07.31"]
[Round "1.28"]
[White "Turkeeva, Yulia"]
[Black "Khusenkhojaev, Muhammad"]
[Result "0-1"]
[ECO "C77"]
[WhiteElo "1968"]
[BlackElo "2441"]
[Annotator "NA"]
[PlyCount "58"]
[EventDate "2019.07.31"]
[EventType "swiss"]
[EventCountry "RUS"]
[SourceTitle "playchess.com"]
[Source "ChessBase"]
[SourceQuality "1"]
[TimeControl "5400+30"]

1. e4 e5 2. Nf3 Nc6 3. Bb5 a6 4. Ba4 Nf6 5. d3 d6 6. c3 g6 7. O-O Bg7 8. Nbd2 O-O 9. Re1 b5 10. Bc2 d5 11. Qe2 d4 12. c4 Nh5 13. g3 Bg4 14. cxb5 axb5 15. Kg2 Qc8 16. h4 Nb4 17. Bb1 f5 18. Qd1 fxe4 19. dxe4 c5 20. a4 c4 21. Ra3 bxa4 22. Rxa4 Rb8 23. Ra3 Kh8 24. Qa4 c3 25. bxc3 dxc3 26. Rb3 cxd2 27. Bxd2 Nc2 28. Rc1 Rxb3 29. Qxb3 Bxf3+ 0-1

[Event "Eurasia Open Cup 2019"]
[Site "Ekaterinburg"]
[Date "2019.07.31"]
[Round "1.29"]
[White "Davtyan, Artur"]
[Black "Morgachev, Sergey"]
[Result "1-0"]
[ECO "E15"]
[WhiteElo "2440"]
[BlackElo "1965"]
[Annotator "NA"]
[PlyCount "85"]
[EventDate "2019.07.31"]
[EventType "swiss"]
[EventCountry "RUS"]
[SourceTitle "playchess.com"]
[Source "ChessBase"]
[SourceQuality "1"]
[TimeControl "5400+30"]

1. d4 Nf6 2. Nf3 e6 3. c4 b6 4. g3 Ba6 5. Qa4 Bb7 6. Bg2 c5 7. dxc5 bxc5 8. O-O Be7 9. Nc3 O-O 10. Rd1 Qb6 11. Bf4 Rd8 12. Rd2 d6 13. Rad1 h6 14. Qb5 Ne8 15. e4 Nd7 16. e5 Qxb5 17. Nxb5 d5 18. cxd5 Bxd5 19. Ne1 Nb6 20. b3 a6 21. Nc3 Nc7 22. Be3 Bxg2 23. Rxd8+ Rxd8 24. Rxd8+ Bxd8 25. Kxg2 Be7 26. Ne4 Nd7 27. Nd3 Nd5 28. Bxc5 Nxc5 29. Nexc5 Nc7 30. b4 Kf8 31. f4 Ke8 32. Kf3 Kd8 33. g4 g6 34. h3 Kc8 35. a4 Kb8 36. f5 gxf5 37. gxf5 exf5 38. Kf4 Ka7 39. Kxf5 Nd5 40. e6 f6 41. a5 Nxb4 42. Nxb4 Bxc5 43. e7 1-0

[Event "Eurasia Open Cup 2019"]
[Site "Ekaterinburg"]
[Date "2019.07.31"]
[Round "1.30"]
[White "Shvetsov, Maksim"]
[Black "Shubin, Kirill"]
[Result "0-1"]
[ECO "C01"]
[WhiteElo "1964"]
[BlackElo "2426"]
[Annotator "NA"]
[PlyCount "130"]
[EventDate "2019.07.31"]
[EventType "swiss"]
[EventCountry "RUS"]
[SourceTitle "playchess.com"]
[Source "ChessBase"]
[SourceQuality "1"]
[TimeControl "5400+30"]

1. e4 e6 2. d4 d5 3. Nc3 Bb4 4. exd5 exd5 5. Bd3 Nf6 6. Nge2 O-O 7. O-O Re8 8. Bg5 c6 9. Ng3 h6 10. Bf4 Nbd7 11. Re1 Rxe1+ 12. Qxe1 Nf8 13. Nf5 Be6 14. Qe3 Nh5 15. Be5 f6 16. Bg3 Qd7 17. Qf3 Nxg3 18. hxg3 g6 19. Ne3 Kg7 20. Ne2 Bf7 21. Nf4 Nh7 22. c3 Bd6 23. Re1 Ng5 24. Qd1 Re8 25. Qc2 f5 26. c4 dxc4 27. Bxc4 Re4 28. Bxf7 Qxf7 29. Qc3 Kh7 30. Nd3 f4 31. gxf4 Bxf4 32. Ng4 Rxe1+ 33. Qxe1 Bd6 34. Nde5 Qf5 35. Qe3 h5 36. Nh2 Ne6 37. Nhf3 Qb1+ 38. Kh2 Qxa2 39. Qe4 Nf8 40. g3 Qd5 41. Qf4 Kg7 42. Nh4 Be7 43. Ng2 Bf6 44. Ne3 Bxe5 45. dxe5 Qf7 46. Qxf7+ Kxf7 47. f4 Ke6 48. Kg2 Nd7 49. Kf3 Nc5 50. g4 h4 51. b4 Nd3 52. Ke4 Nxb4 53. f5+ Kf7 54. e6+ Ke7 55. Nf1 g5 56. Nh2 Kf6 57. Nf3 h3 58. Kd4 b6 59. Nxg5 c5+ 60. Kc4 Kxg5 61. e7 h2 62. e8=Q h1=Q 63. Qe5 Qf1+ 64. Kb3 Qd3+ 65. Ka4 b5+ 0-1

[Event "Eurasia Open Cup 2019"]
[Site "Ekaterinburg"]
[Date "2019.07.31"]
[Round "1.31"]
[White "Savitskiy, Sergey"]
[Black "Tanygin, Valerij"]
[Result "1-0"]
[ECO "B80"]
[WhiteElo "2418"]
[BlackElo "1964"]
[Annotator "NA"]
[PlyCount "35"]
[EventDate "2019.07.31"]
[EventType "swiss"]
[EventCountry "RUS"]
[SourceTitle "playchess.com"]
[Source "ChessBase"]
[SourceQuality "1"]
[TimeControl "5400+30"]

1. e4 c5 2. Nf3 e6 3. d4 cxd4 4. Nxd4 a6 5. Nc3 Qc7 6. g3 Nf6 7. Bg2 Nc6 8. O-O Be7 9. Re1 d6 10. Nxc6 bxc6 11. e5 Nd5 12. exd6 Bxd6 13. Ne4 Be7 14. c4 Nf6 15. Bf4 Qd7 16. Nd6+ Kf8 17. Qa4 Qa7 18. Qxc6 1-0

[Event "Eurasia Open Cup 2019"]
[Site "Ekaterinburg"]
[Date "2019.07.31"]
[Round "1.32"]
[White "Babanov, Aleksandr"]
[Black "Pogromsky, Mikhail"]
[Result "0-1"]
[ECO "A06"]
[WhiteElo "1957"]
[BlackElo "2414"]
[Annotator "NA"]
[PlyCount "66"]
[EventDate "2019.07.31"]
[EventType "swiss"]
[EventCountry "RUS"]
[SourceTitle "playchess.com"]
[Source "ChessBase"]
[SourceQuality "1"]
[TimeControl "5400+30"]

1. Nf3 c5 2. b3 d5 3. Bb2 f6 4. e3 e5 5. Bb5+ Nc6 6. Bxc6+ bxc6 7. d4 cxd4 8. exd4 e4 9. Nfd2 f5 10. c4 Nf6 11. Nc3 Bd6 12. Ne2 f4 13. h3 O-O 14. c5 Bc7 15. Nc3 Ba6 16. b4 f3 17. g3 e3 18. Nxf3 Ne4 19. Nxe4 dxe4 20. Qb3+ Kh8 21. Qxe3 exf3 22. O-O-O Qd5 23. Qc3 Rfe8 24. Rhe1 Re2 25. Rxe2 fxe2 26. Re1 Rf8 27. f4 Re8 28. Kb1 Bc4 29. Qa3 a5 30. bxa5 Ra8 31. Bc3 Qe4+ 32. Ka1 Qd3 33. Rc1 Rxa5 0-1

[Event "Eurasia Open Cup 2019"]
[Site "Ekaterinburg"]
[Date "2019.07.31"]
[Round "1.33"]
[White "Kopylov, Alexander A."]
[Black "Vasiliev, Maxim"]
[Result "1-0"]
[ECO "D02"]
[WhiteElo "2410"]
[BlackElo "1944"]
[Annotator "NA"]
[PlyCount "77"]
[EventDate "2019.07.31"]
[EventType "swiss"]
[EventCountry "RUS"]
[SourceTitle "playchess.com"]
[Source "ChessBase"]
[SourceQuality "1"]
[TimeControl "5400+30"]

1. d4 Nf6 2. Nf3 c5 3. e3 g6 4. Be2 Bg7 5. O-O O-O 6. c3 d5 7. Nbd2 Nc6 8. b3 Qd6 9. Ba3 b6 10. Rc1 e5 11. c4 e4 12. dxc5 bxc5 13. Nd4 Nb4 14. Bxb4 cxb4 15. Qc2 Bg4 16. cxd5 Bxe2 17. Nxe2 Qxd5 18. Rfd1 Rfd8 19. Ng3 Rac8 20. Qxc8 Rxc8 21. Rxc8+ Bf8 22. Rcc1 Qa5 23. Ra1 Qe5 24. Nc4 Qg5 25. Rac1 h5 26. Ne2 Qh4 27. h3 g5 28. Rd8 g4 29. g3 Qg5 30. h4 Qf5 31. Nd6 Qa5 32. Rcc8 Nh7 33. Nd4 Qxa2 34. Kg2 a5 35. Ra8 Kg7 36. Ne8+ Kg6 37. Ra6+ f6 38. Nxf6 Nxf6 39. Rxf8 1-0

[Event "Eurasia Open Cup 2019"]
[Site "Ekaterinburg"]
[Date "2019.07.31"]
[Round "1.34"]
[White "Yadigarov, Aivaz"]
[Black "Radzhabov, Rodion"]
[Result "0-1"]
[ECO "A46"]
[WhiteElo "1938"]
[BlackElo "2404"]
[Annotator "NA"]
[PlyCount "80"]
[EventDate "2019.07.31"]
[EventType "swiss"]
[EventCountry "RUS"]
[SourceTitle "playchess.com"]
[Source "ChessBase"]
[SourceQuality "1"]
[TimeControl "5400+30"]

1. d4 Nf6 2. Nf3 e6 3. Bf4 c5 4. e3 Be7 5. Be2 O-O 6. O-O b6 7. c4 Bb7 8. Nc3 d6 9. h3 a6 10. Qc2 Nbd7 11. Rfd1 cxd4 12. exd4 Rc8 13. b4 Bxf3 14. gxf3 Re8 15. Bh2 Bf8 16. Qa4 b5 17. Qxa6 bxc4 18. Bxd6 Nd5 19. Ne4 Nb8 20. Bxb8 Rxb8 21. a3 c3 22. Bf1 f5 23. Nc5 Qg5+ 24. Kh1 Nf4 25. Nd3 c2 26. Re1 Rbc8 27. Rac1 Qh6 28. Kh2 Red8 29. Ne5 Qh4 30. Kg1 Rc3 31. Re3 Qg5+ 32. Kh2 Rc7 33. Qb6 Bd6 34. Qa5 Nd5 35. Ree1 Qf4+ 36. Kg1 Qxd4 37. Nc6 Qf4 38. Bg2 Rdc8 39. b5 Qh2+ 40. Kf1 Nf4 0-1

[Event "Eurasia Open Cup 2019"]
[Site "Ekaterinburg"]
[Date "2019.07.31"]
[Round "1.35"]
[White "Popov, Mikhail"]
[Black "Karelina, Viktoriya"]
[Result "1-0"]
[ECO "C22"]
[WhiteElo "2397"]
[BlackElo "1918"]
[Annotator "NA"]
[PlyCount "53"]
[EventDate "2019.07.31"]
[EventType "swiss"]
[EventCountry "RUS"]
[SourceTitle "playchess.com"]
[Source "ChessBase"]
[SourceQuality "1"]
[TimeControl "5400+30"]

1. e4 e5 2. d4 exd4 3. Qxd4 Nc6 4. Qe3 Nge7 5. Bc4 d5 6. Bxd5 Nxd5 7. exd5+ Ne7 8. c4 b5 9. b3 Qd6 10. Ba3 Qg6 11. Nf3 Qxg2 12. Rg1 Qh3 13. Rxg7 Rb8 14. Bc5 h6 15. Rg3 Qh5 16. Bd4 Rh7 17. Nc3 Kd8 18. Bf6 Bg4 19. Ne5 Qxh2 20. Rxg4 Qh1+ 21. Ke2 Qxa1 22. Bxe7+ Kc8 23. Rg8 Qb2+ 24. Kf3 Rb6 25. Rxf8+ Kb7 26. Nc6 bxc4 27. Na4 1-0

[Event "Eurasia Open Cup 2019"]
[Site "Ekaterinburg"]
[Date "2019.07.31"]
[Round "1.36"]
[White "Gerasimova, Olga"]
[Black "Cherniaev, Alexander"]
[Result "0-1"]
[ECO "B08"]
[WhiteElo "1917"]
[BlackElo "2396"]
[Annotator "NA"]
[PlyCount "90"]
[EventDate "2019.07.31"]
[EventType "swiss"]
[EventCountry "RUS"]
[SourceTitle "playchess.com"]
[Source "ChessBase"]
[SourceQuality "1"]
[TimeControl "5400+30"]

1. e4 g6 2. d4 Bg7 3. Nf3 d6 4. h3 Nf6 5. Nc3 c6 6. Be2 O-O 7. O-O a5 8. a4 Na6 9. Be3 Nb4 10. Ne1 Nd7 11. Qd2 f5 12. exf5 gxf5 13. Bh6 Bxh6 14. Qxh6 Nf6 15. f4 Kh8 16. Bc4 Bd7 17. Rf3 e6 18. Rg3 Qe7 19. Rc1 Rg8 20. Rxg8+ Rxg8 21. Nf3 Ne4 22. Nxe4 fxe4 23. Ng5 d5 24. c3 Na6 25. Be2 Rg6 26. Qh4 h6 27. Nf3 Qxh4 28. Nxh4 Rg8 29. Bh5 Kg7 30. Ng6 Be8 31. f5 exf5 32. Nf4 Bxh5 33. Nxh5+ Kg6 34. Nf4+ Kf7 35. b4 Nc7 36. c4 Ne6 37. Nxe6 Kxe6 38. bxa5 f4 39. Kf2 Ra8 40. Rb1 Rxa5 41. Rxb7 Rxa4 42. cxd5+ Kxd5 43. Rf7 Ra2+ 44. Kf1 Kxd4 45. Rxf4 Ke5 0-1

[Event "Eurasia Open Cup 2019"]
[Site "Ekaterinburg"]
[Date "2019.07.31"]
[Round "1.37"]
[White "Bivol, Alina"]
[Black "Rossal, Valeriy I."]
[Result "1-0"]
[ECO "A49"]
[WhiteElo "2391"]
[BlackElo "1914"]
[Annotator "NA"]
[PlyCount "79"]
[EventDate "2019.07.31"]
[EventType "swiss"]
[EventCountry "RUS"]
[SourceTitle "playchess.com"]
[Source "ChessBase"]
[SourceQuality "1"]
[TimeControl "5400+30"]

1. Nf3 Nf6 2. g3 g6 3. c4 Bg7 4. Bg2 O-O 5. d4 c5 6. O-O cxd4 7. Qxd4 Nc6 8. Qd3 d5 9. cxd5 Bf5 10. Qa3 Nxd5 11. Rd1 e6 12. Nc3 Qb6 13. Bd2 Rfd8 14. Rac1 Nxc3 15. bxc3 Qb5 16. Bf1 Bf8 17. Qb3 Qxb3 18. axb3 Ba3 19. Bg5 Re8 20. Ra1 Bb2 21. Ra4 Bxc3 22. Rc4 Bg7 23. g4 Na5 24. Ra4 Bc2 25. Rc1 Bxb3 26. Rxa5 b6 27. Ra6 Bd5 28. Rc7 b5 29. Nd2 Rec8 30. Raxa7 Rxc7 31. Rxc7 Be5 32. Rc5 f6 33. e4 Ba2 34. Rxb5 Rc8 35. Be3 Rc1 36. Ra5 Rc2 37. Bd3 Rc3 38. Rxa2 Rxd3 39. h3 g5 40. Kf1 1-0

[Event "Eurasia Open Cup 2019"]
[Site "Ekaterinburg"]
[Date "2019.07.31"]
[Round "1.38"]
[White "Dolgaeva, Evgenia"]
[Black "Kotlyar, Kirill"]
[Result "0-1"]
[ECO "A08"]
[WhiteElo "1909"]
[BlackElo "2387"]
[Annotator "NA"]
[PlyCount "65"]
[EventDate "2019.07.31"]
[EventType "swiss"]
[EventCountry "RUS"]
[SourceTitle "playchess.com"]
[Source "ChessBase"]
[SourceQuality "1"]
[TimeControl "5400+30"]

1. e4 c5 2. Nf3 Nc6 3. d3 g6 4. g3 Bg7 5. Bg2 e6 6. O-O Nge7 7. Nbd2 O-O 8. c3 d5 9. Qe2 b5 10. c4 bxc4 11. dxc4 Ba6 12. Rb1 dxc4 13. Nxc4 Na5 14. b3 Nxc4 15. bxc4 Nc6 16. e5 Rb8 17. Rxb8 Qxb8 18. Bf4 Qb4 19. Rc1 Rd8 20. Bg5 Nd4 21. Qd3 Rd7 22. Kh1 h6 23. Be3 Qb2 24. a3 Qb3 25. Rc3 Qa2 26. h3 Bb7 27. Bxd4 Bxf3 28. Bxf3 Rxd4 29. Qe3 Bxe5 30. Kg2 Bg7 31. Rb3 Rd2 32. Rb8+ Kh7 33. Qxc5 0-1

[Event "Eurasia Open Cup 2019"]
[Site "Ekaterinburg"]
[Date "2019.07.31"]
[Round "1.39"]
[White "Kanter, Eduard"]
[Black "Romanov, Vasily"]
[Result "1/2-1/2"]
[ECO "E06"]
[WhiteElo "2384"]
[BlackElo "1906"]
[Annotator "NA"]
[PlyCount "59"]
[EventDate "2019.07.31"]
[EventType "swiss"]
[EventCountry "RUS"]
[SourceTitle "playchess.com"]
[Source "ChessBase"]
[SourceQuality "1"]
[TimeControl "5400+30"]

1. d4 Nf6 2. c4 e6 3. Nc3 d5 4. Nf3 Be7 5. g3 O-O 6. Bg2 dxc4 7. Ne5 Nc6 8. Bxc6 bxc6 9. Nxc6 Qe8 10. Nxe7+ Qxe7 11. Qa4 e5 12. Qxc4 Bb7 13. O-O Rad8 14. dxe5 Qxe5 15. Bf4 Qh5 16. f3 Qh3 17. Bg5 Rd6 18. Rad1 h5 19. Bxf6 Rxf6 20. Nd5 Bxd5 21. Rxd5 Rg6 22. Qf4 Re8 23. e4 Ree6 24. Rd8+ Kh7 25. Qf5 Qh4 26. Rd5 Kh6 27. Kg2 Ref6 28. Qc8 Kh7 29. Rd8 Rg5 30. Rh1 1/2-1/2

[Event "Eurasia Open Cup 2019"]
[Site "Ekaterinburg"]
[Date "2019.07.31"]
[Round "1.40"]
[White "Kolupaev, Vadim"]
[Black "Guseva, Marina"]
[Result "0-1"]
[ECO "B26"]
[WhiteElo "1900"]
[BlackElo "2379"]
[Annotator "NA"]
[PlyCount "102"]
[EventDate "2019.07.31"]
[EventType "swiss"]
[EventCountry "RUS"]
[SourceTitle "playchess.com"]
[Source "ChessBase"]
[SourceQuality "1"]
[TimeControl "5400+30"]

1. e4 c5 2. Nc3 d6 3. g3 Nc6 4. Bg2 g6 5. Nge2 Bg7 6. O-O e6 7. d3 Nge7 8. Be3 Nd4 9. Qd2 O-O 10. Rae1 Bd7 11. Nd1 Ba4 12. b3 Bc6 13. c3 Nxe2+ 14. Rxe2 a5 15. Bh6 a4 16. Bxg7 Kxg7 17. f4 axb3 18. axb3 Qb6 19. f5 Ng8 20. Ne3 Qxb3 21. Ng4 Ra3 22. f6+ Kh8 23. Rc1 e5 24. Rf2 Qe6 25. Qg5 Rfa8 26. Bh3 Qe8 27. Ne3 Ra1 28. Rxa1 Rxa1+ 29. Bf1 Qe6 30. Ng4 Bd7 31. Nh6 Qe8 32. Kg2 b5 33. h4 Qf8 34. Nxg8 Kxg8 35. Qe3 h6 36. d4 Kh7 37. Rb2 exd4 38. cxd4 c4 39. Qf4 c3 40. Rc2 b4 41. Bc4 Qe8 42. Bd5 Ra6 43. h5 g5 44. Qf1 Rb6 45. Qd3 Be6 46. Re2 Kg8 47. Qc4 Rb8 48. Kf2 Rc8 49. Qb3 Bxd5 50. exd5 Qxe2+ 51. Kxe2 c2 0-1

[Event "Eurasia Open Cup 2019"]
[Site "Ekaterinburg"]
[Date "2019.07.31"]
[Round "1.41"]
[White "Chekletsov, Ilya"]
[Black "Pauli, Stanislav"]
[Result "1-0"]
[ECO "A50"]
[WhiteElo "2374"]
[BlackElo "1898"]
[Annotator "NA"]
[PlyCount "85"]
[EventDate "2019.07.31"]
[EventType "swiss"]
[EventCountry "RUS"]
[SourceTitle "playchess.com"]
[Source "ChessBase"]
[SourceQuality "1"]
[TimeControl "5400+30"]

1. d4 Nf6 2. c4 b6 3. a3 Bb7 4. Nc3 g6 5. d5 Bg7 6. g3 O-O 7. Bg2 d6 8. Nf3 c5 9. O-O Na6 10. e4 Nd7 11. Re1 Nc7 12. Bf4 Ne5 13. Nxe5 dxe5 14. Be3 Ba6 15. Bf1 f5 16. f3 f4 17. Bf2 fxg3 18. hxg3 Qd6 19. Be3 h5 20. Be2 Qf6 21. Qd2 Qd6 22. Kg2 Rad8 23. Rab1 Ne6 24. dxe6 Qxd2 25. Bxd2 Rxd2 26. Red1 Rfd8 27. Rxd2 Rxd2 28. Kf1 Bc8 29. Ke1 Rd8 30. Nb5 Bxe6 31. Nxa7 Kf7 32. b4 cxb4 33. axb4 Ra8 34. Nc6 Bd7 35. b5 Bf6 36. Nb4 e6 37. Rd1 Ke7 38. Na6 Bc8 39. c5 Bxa6 40. bxa6 bxc5 41. Rb1 Kd7 42. Rb7+ Kc6 43. Bb5+ 1-0

[Event "Eurasia Open Cup 2019"]
[Site "Ekaterinburg"]
[Date "2019.07.31"]
[Round "1.42"]
[White "Svetlova, Ksenia"]
[Black "Tunik, Gennady"]
[Result "0-1"]
[ECO "B46"]
[WhiteElo "1875"]
[BlackElo "2371"]
[Annotator "NA"]
[PlyCount "58"]
[EventDate "2019.07.31"]
[EventType "swiss"]
[EventCountry "RUS"]
[SourceTitle "playchess.com"]
[Source "ChessBase"]
[SourceQuality "1"]
[TimeControl "5400+30"]

1. e4 c5 2. Nf3 e6 3. d4 cxd4 4. Nxd4 Nc6 5. Nc3 a6 6. Be2 Nge7 7. O-O Nxd4 8. Qxd4 Nc6 9. Qd1 Be7 10. Kh1 b5 11. a3 O-O 12. f4 Bb7 13. Be3 Rc8 14. Bf3 Na5 15. e5 Bxf3 16. Qxf3 Nc4 17. Bc1 f6 18. exf6 Bxf6 19. Qd3 d5 20. f5 Bxc3 21. Qxc3 Nd6 22. Qe5 Qd7 23. f6 Ne4 24. Bg5 Rxc2 25. fxg7 Nf2+ 26. Kg1 Rf5 27. Qb8+ Rc8 28. Qg3 Ne4 29. Qh4 Rxg5 0-1

[Event "Eurasia Open Cup 2019"]
[Site "Ekaterinburg"]
[Date "2019.07.31"]
[Round "1.43"]
[White "Fotin, Vladimir"]
[Black "Yumshanov, Leonid"]
[Result "1-0"]
[ECO "A16"]
[WhiteElo "2368"]
[BlackElo "1864"]
[Annotator "NA"]
[PlyCount "53"]
[EventDate "2019.07.31"]
[EventType "swiss"]
[EventCountry "RUS"]
[SourceTitle "playchess.com"]
[Source "ChessBase"]
[SourceQuality "1"]
[TimeControl "5400+30"]

1. Nf3 Nf6 2. c4 g6 3. Nc3 d5 4. cxd5 Nxd5 5. Qc2 Nb6 6. d4 Nc6 7. e4 Bg7 8. d5 Na5 9. Be2 O-O 10. O-O c6 11. dxc6 Nxc6 12. Rd1 Bd7 13. Bf4 e5 14. Be3 Qe7 15. Bxb6 axb6 16. Nd5 Qc5 17. Qxc5 bxc5 18. Nb6 Be6 19. Nxa8 Rxa8 20. Rdc1 b6 21. Bc4 Bg4 22. Bd5 Rc8 23. Ng5 Nd8 24. b4 h6 25. Nf3 Ne6 26. bxc5 Nxc5 27. Rab1 1-0

[Event "Eurasia Open Cup 2019"]
[Site "Ekaterinburg"]
[Date "2019.07.31"]
[Round "1.44"]
[White "Buchina, Polina"]
[Black "Postnikov, Daniil"]
[Result "0-1"]
[ECO "D79"]
[WhiteElo "1863"]
[BlackElo "2354"]
[Annotator "NA"]
[PlyCount "124"]
[EventDate "2019.07.31"]
[EventType "swiss"]
[EventCountry "RUS"]
[SourceTitle "playchess.com"]
[Source "ChessBase"]
[SourceQuality "1"]
[TimeControl "5400+30"]

1. c4 Nf6 2. g3 c6 3. Bg2 d5 4. cxd5 cxd5 5. d4 g6 6. Nc3 Bg7 7. Nf3 Ne4 8. O-O Nc6 9. Bf4 O-O 10. Ne5 Nxc3 11. bxc3 Na5 12. e4 e6 13. Qf3 f6 14. Nd3 e5 15. Be3 b6 16. Nb4 dxe4 17. Qxe4 Bb7 18. Qd3 Bxg2 19. Kxg2 Rc8 20. Rac1 Nc4 21. Qe4 Re8 22. Qd5+ Qxd5+ 23. Nxd5 Rcd8 24. Nb4 a5 25. Nd3 Nxe3+ 26. fxe3 f5 27. Rb1 Rc8 28. Rxb6 Rxc3 29. Nxe5 Bxe5 30. dxe5 Rxe5 31. Rf2 Rcxe3 32. Rbb2 Kg7 33. Rfd2 Kf6 34. Kf2 Kg5 35. Rd7 h6 36. Rd6 Re6 37. Rd5 Ra3 38. Rd4 Rae3 39. Rd5 a4 40. Rc2 Kg4 41. Rd4+ R3e4 42. Rcc4 Kh3 43. Rxa4 Kxh2 44. Rxe4 fxe4 45. Ra3 Rf6+ 46. Ke2 Kg2 47. Ra4 Kxg3 48. Rxe4 Rf2+ 49. Ke3 Rxa2 50. Re6 g5 51. Rxh6 g4 52. Rg6 Kh3 53. Rh6+ Kg2 54. Rg6 g3 55. Rg7 Kh2 56. Rh7+ Kg1 57. Rg7 g2 58. Rg8 Kf1 59. Rf8+ Ke1 60. Rg8 Re2+ 61. Kd3 Kf1 62. Ra8 g1=Q 0-1

[Event "Eurasia Open Cup 2019"]
[Site "Ekaterinburg"]
[Date "2019.08.01"]
[Round "2.3"]
[White "Pridorozhni, Aleksei"]
[Black "Tsybikov, Tumen"]
[Result "1-0"]
[ECO "B51"]
[WhiteElo "2586"]
[BlackElo "2281"]
[Annotator "ChessBase"]
[PlyCount "51"]
[EventDate "2019.07.31"]
[EventType "swiss"]
[EventCountry "RUS"]
[SourceTitle "playchess.com"]
[Source "ChessBase"]
[SourceQuality "1"]
[TimeControl "5400+30"]

1. e4 c5 2. Nf3 d6 3. Bb5+ Nd7 4. O-O a6 5. Bd3 Ngf6 6. Re1 e6 7. c3 b5 8. Bc2 Be7 9. d4 O-O 10. e5 Nd5 11. Qd3 g6 12. Bh6 Re8 13. exd6 Bxd6 14. Nbd2 cxd4 15. Qxd4 Bf8 16. Bxf8 Rxf8 17. Ne4 Bb7 18. Rad1 N7f6 19. Nc5 Qc7 20. Ne5 Rfd8 21. b4 Ne7 22. Qh4 Nfd5 23. Nxf7 Kxf7 24. Qxh7+ Ke8 25. Rxe6 Kf8 26. Rf6+ 1-0

[Event "Eurasia Open Cup 2019"]
[Site "Ekaterinburg"]
[Date "2019.08.01"]
[Round "2.4"]
[White "Pogorelskikh, Sergey"]
[Black "Shaposhnikov, Evgeny"]
[Result "0-1"]
[ECO "C78"]
[WhiteElo "2284"]
[BlackElo "2575"]
[Annotator "ChessBase"]
[PlyCount "101"]
[EventDate "2019.07.31"]
[EventType "swiss"]
[EventCountry "RUS"]
[SourceTitle "playchess.com"]
[Source "ChessBase"]
[SourceQuality "1"]
[TimeControl "5400+30"]

1. e4 e5 2. Nf3 Nc6 3. Bb5 a6 4. Ba4 Nf6 5. O-O b5 6. Bb3 Bb7 7. Re1 Bc5 8. c3 d6 9. d4 Bb6 10. Be3 O-O 11. d5 Ne7 12. Bxb6 cxb6 13. a4 bxa4 14. Bxa4 Ng6 15. Nbd2 h6 16. Nf1 Nf4 17. Ng3 Bc8 18. Qd2 Nh7 19. Ne2 Ng6 20. Ng3 Bg4 21. Bd1 Qf6 22. Qe3 b5 23. Nd2 Bd7 24. Rf1 a5 25. Bc2 Ng5 26. Nh5 Qe7 27. Ng3 Nf4 28. Nf3 Qf6 29. Bd1 g6 30. Kh1 Kg7 31. Ne1 h5 32. Ne2 h4 33. f3 h3 34. Nxf4 exf4 35. Qd4 hxg2+ 36. Nxg2 Nh3 37. Ne1 Qxd4 38. cxd4 Rfc8 39. Be2 b4 40. Kg2 a4 41. Rh1 a3 42. b3 Rc3 43. Bc4 Rc8 44. Kf1 R8xc4 45. bxc4 b3 46. Rxa3 b2 47. Rxc3 b1=Q 48. c5 Qa1 49. Rc2 Ba4 50. Kg2 Bxc2 51. Kxh3 0-1

[Event "Eurasia Open Cup 2019"]
[Site "Ekaterinburg"]
[Date "2019.08.01"]
[Round "2.5"]
[White "Bocharov, Ivan"]
[Black "Protopopova, Anastasiya"]
[Result "1-0"]
[ECO "A28"]
[WhiteElo "2559"]
[BlackElo "2272"]
[Annotator "ChessBase"]
[PlyCount "71"]
[EventDate "2019.07.31"]
[EventType "swiss"]
[EventCountry "RUS"]
[SourceTitle "playchess.com"]
[Source "ChessBase"]
[SourceQuality "1"]
[TimeControl "5400+30"]

1. c4 e5 2. Nc3 Nf6 3. Nf3 Nc6 4. e3 Bb4 5. Qc2 Bxc3 6. bxc3 e4 7. Ng5 Qe7 8. f3 exf3 9. Nxf3 O-O 10. Be2 b6 11. O-O h6 12. d3 d5 13. cxd5 Nxd5 14. Qd2 Re8 15. e4 Nf6 16. Nd4 Nxd4 17. cxd4 Ba6 18. Bb2 Rad8 19. Rae1 Nd7 20. Bd1 Nf8 21. Ba4 b5 22. Bb3 Ne6 23. Re3 Kh7 24. Rg3 f6 25. Qf2 Kh8 26. Bxe6 Qxe6 27. d5 Qf7 28. Qxa7 Ra8 29. Qe3 Kh7 30. Rh3 Bc8 31. Rxf6 Qxf6 32. Bxf6 Bxh3 33. Bd4 Bd7 34. e5 Rxa2 35. e6 Bc8 36. Qe4+ 1-0